 Dungeon Crawl Stone Soup version 0.23.0 (webtiles) character file.

Game seed: 3130643588952611921

102 Vesto the Grave Robber (level 4, -7/24 HPs)
             Began as a Deep Elf Necromancer on Feb 11, 2019.
             Killed from afar by an orc wizard (10 damage)
             ... with a puff of flame
             ... on level 4 of the Dungeon.
             The game lasted 00:02:38 (1550 turns).

Vesto the Grave Robber (Deep Elf Necromancer)       Turns: 1550, Time: 00:02:40

Health: -7/24      AC:  2    Str:  6    XL:     4   Next: 49%
Magic:  7/11       EV: 13    Int: 20    God:
Gold:   77         SH:  0    Dex: 15    Spells: 6/10 levels left

rFire    . . .     SeeInvis .   b - staff of summoning
rCold    . . .     Gourm    .   (no shield)
rNeg     . . .     Faith    .   e - +0 robe
rPois    .         Spirit   .   (no helmet)
rElec    .         Reflect  .   (no cloak)
rCorr    .         Harm     .   (no gloves)
MR       .....                  (no boots)
Stlth    ++........             (no amulet)
HPRegen  0.08/turn              (no ring)
MPRegen  0.12/turn              (no ring)

@: very slightly contaminated
A: no striking features
a: no special abilities


You were on level 4 of the Dungeon.
You were not hungry.

You visited 1 branch of the dungeon, and saw 4 of its levels.

You collected 77 gold pieces.

Inventory:

Hand Weapons
 a - a +0 dagger
Armour
 e - a +0 robe (worn)
Magical Staves
 b - an uncursed staff of summoning (weapon)
Scrolls
 g - a scroll of teleportation
 i - a scroll of enchant weapon
Potions
 d - a potion of curing
 f - a potion of agility {unknown}
 h - a potion of ambrosia {unknown}
 j - a potion of invisibility {unknown}
 l - a potion of lignification {unknown}
Comestibles
 c - 2 rations
 k - 2 chunks of flesh


   Skills:
 + Level 0.9 Fighting
 + Level 1.0 Armour
 + Level 3.1 Dodging
 + Level 3.1 Stealth
 + Level 3.6 Spellcasting
 * Level 5.7 Necromancy


You had 6 spell levels left.
You knew the following spells:

 Your Spells              Type           Power        Failure   Level  Hunger
a - Pain                  Necr           ####         1%          1    None
c - Vampiric Draining     Necr           ####......   3%          3    ###....

Your spell library contained the following spells:

 Spells                   Type           Power        Failure   Level  Hunger
 Animate Skeleton         Necr           N/A          1%          1    None
 Regeneration             Chrm/Necr      ###.......   12%         3    ###....
 Animate Dead             Necr           N/A          13%         4    ####...


Dungeon Overview and Level Annotations

Branches:
Dungeon (4/15)
 Temple: D:4-7

Altars:
Xom


Message History

The orc wizard hits you with a +0 dagger. x2
Casting: Pain (safe; 1% risk of failure)
Confirm with . or Enter, or press ? or * to list all spells.
Aiming: Pain (safe; 1% risk of failure)
Press: ? - help, Shift-Dir - straight line, f/p - orc wizard
Aim: an orc wizard, wielding a +0 dagger and wearing a +0 robe (fast, chance to defeat MR: 84%)
The orc wizard writhes in agony.
The orc wizard hits you but does no damage.
Casting: Pain (safe; 1% risk of failure)
Confirm with . or Enter, or press ? or * to list all spells.
Aiming: Pain (safe; 1% risk of failure)
Press: ? - help, Shift-Dir - straight line, f/p - orc wizard
Aim: an orc wizard, wielding a +0 dagger and wearing a +0 robe (lightly wounded, fast, chance to defeat MR: 84%)
The orc wizard writhes in agony.
The orc wizard points at you and mumbles some strange words.
The magic dart hits you.
* * * LOW HITPOINT WARNING * * *
The orc wizard casts a spell at you. The puff of flame hits you!
You die...

#.# .# . #.#
.###.# #.#
##.... #.#
#....
#.###..#
###..##..#
#........#
#.##.##.##
#@##.##.#
#o##.##.# .#
#o##.##.# .#
#o##.##.# .#
#o##.##.# .#
#o##.##.#
##.## ...
#.###...####
..#
#.....#.....
#####...#


You could see an orc priest, an orc wizard and 3 orcs.

Vanquished Creatures
  2 orc wizards (D:3)
  2 adders (D:2)
  A leopard gecko (D:2)
  7 orcs
  2 bats (D:1)
  A bat zombie (D:2)
  2 giant cockroaches
  A goblin (D:2)
  2 hobgoblins
  A frilled lizard (D:2)
  2 kobolds
  A rat (D:1)
24 creatures vanquished.

Notes
Turn   | Place    | Note
-------+----------+-------------------------------------------
     0 | D:1      | Vesto the Deep Elf Necromancer began the quest for the Orb.
     0 | D:1      | Reached XP level 1. HP: 10/10 MP: 6/6
     3 | D:1      | Noticed an electric eel
     3 | D:1      | Noticed an electric eel
   149 | D:1      | Reached skill level 5 in Necromancy
   304 | D:2      | Reached XP level 2. HP: 9/15 MP: 5/8
   673 | D:2      | Reached XP level 3. HP: 19/20 MP: 6/9
   985 | D:2      | Found a shimmering altar of Xom.
  1014 | D:2      | Learned a level 3 spell: Vampiric Draining
  1132 | D:3      | Reached XP level 4. HP: 15/24 MP: 1/11
  1432 | D:3      | Reached skill level 1 in Armour
  1550 | D:4      | Killed from afar by an orc wizard

Skill      XL: |  1  2  3  4 |
---------------+-------------+-----
Necromancy     | 5 |  5.7
Dodging        | 3 |  3.1
Stealth        | 3 |  3.1
Armour         | 1 |  1.0
Fighting       | |  0.9
Spellcasting   | |  3.6

Action                   |  1- 3 |  4- 6 || total
-------------------------+-------+-------++-------
Melee: Spear             |     5 |       ||     5
 Cast: Pain              |    40 |    15 ||    55
       Vampiric Draining |     1 |       ||     1
  Use: Scroll            |     3 |     1 ||     4
  Eat: Chunk             |       |     2 ||     2
Armor: Robe              |     6 |     1 ||     7
Dodge: Dodged            |    29 |       ||    29
